 Dungeon Crawl Stone Soup version 0.28.0-43-g3370ac3207 (webtiles) character file.

Game seed: 9003498076255807776

2538 Pinkishskies the Thaumaturge (level 9, -38/47 (55) HPs)
             Began as a Djinni Fire Elementalist on Mar 15, 2022.
             Was an Initiate of Makhleb.
             Killed from afar by an orc sorcerer (39 damage)
             ... with a bolt of negative energy
             ... on level 7 of the Dungeon.
             The game lasted 00:28:06 (12103 turns).

Pinkishskies the Thaumaturge (DjFE)                Turns: 12103, Time: 00:28:06

HP:   -38/47 (55)   AC:  4    Str: 13      XL:     9   Next: 85%
Gold: 358           EV: 12    Int: 21 (22) God:    Makhleb [......] SH:  0 Dex: 13

rFire   + + +      SeeInvis .   (no weapon)
rCold   x x .      Faith    .   (no shield)
rNeg    . . .      Spirit   .   v - +1 leather armour
rPois   ∞          Reflect  .   (helmet restricted)
rElec   .          Harm     .   (no cloak)
rCorr   .          Rampage  .   (no gloves)
Will    .....                   (boots unavailable)
Stlth   ++........              (no amulet)
HPRegen 0.15/turn               l - ring of fire
MPRegen 0.00/turn               x - +6 ring of strength

@: flying, heavily drained
A: sickness immunity, fire resistance 2, cold vulnerability 1, float, innate
caster, HP casting, extra vitality 1, horns 1
a: Renounce Religion


You were on level 7 of the Dungeon.
You worshipped Makhleb.
Makhleb was noncommittal.
You visited 2 branches of the dungeon, and saw 8 of its levels.

You collected 358 gold pieces.

Inventory:

Missiles
 w - a throwing net
Armour
 a - a +0 robe
 n - a +0 helmet
 t - a +2 helmet
 v - a +1 leather armour (worn)
Jewellery
 l - a ring of fire (left hand)
 x - a +6 ring of strength (right hand)
Wands
 o - a wand of polymorph (6)
 q - a wand of mindburst (7)
 r - a wand of paralysis (11)
Scrolls
 c - 2 scrolls of identify
 f - a scroll of vulnerability {unknown}
 i - 4 scrolls of magic mapping
 j - 3 scrolls of teleportation
 k - 2 scrolls of enchant armour
 m - a scroll of holy word {unknown}
 p - 2 scrolls of torment {unknown}
 s - a scroll of enchant weapon {unknown}
Potions
 b - 2 potions of haste {unknown}
 d - 4 potions of curing
 e - 3 potions of mutation
 g - a potion of heal wounds
 h - 2 potions of attraction {unknown}
 u - a potion of might {unknown}


   Skills:
 + Level 1.2 Armour
 + Level 2.8 Dodging
 + Level 4.0 Stealth
 + Level 9.4 Spellcasting
 + Level 0.2 Evocations


You had 3 spell levels left.
You knew the following spells:

 Your Spells              Type           Power      Damage    Failure   Level
a - Foxfire               Conj/Fire      100%       2x1d9     1%          1
b - Scorch                Fire           100%       2d10      1%          2
c - Conjure Flame         Conj/Fire      65%        6-21      1%          3
d - Inner Flame           Hex/Fire       65%        N/A       1%          3
e - Flame Wave            Conj/Fire      65%        2d12      1%          4
f - Apportation           Tloc           98%        N/A       1%          1
g - Call Imp              Summ           49%        N/A       1%          2
h - Dazzling Flash        Conj/Hex       98%        N/A       1%          3
i - Iskenderun's Mystic   Conj/Tloc      49%        2d11      1%          4
Your spell library was empty.

Dungeon Overview and Level Annotations

Branches:
Dungeon (7/15)             Temple (1/1) D:6

Altars:
Ashenzari
Cheibriados
Elyvilon
Fedhas
Hepliaklqana
Kikubaaqudgha
Makhleb
Nemelex Xobeh
Okawaru
Ru
Sif Muna
Trog
Uskayaw
Vehumet
Wu Jian
Xom
Yredelemnul
Zin
The Shining One

Annotations:
D:2 1 runed translucent door, Crazy Yiuf
D:7 Prince Ribbit


Innate Abilities, Weirdness & Mutations

You are immune to sickness and miasma.
You are immune to poison.
Your flesh is very heat resistant. (rF++)
You are vulnerable to cold. (rC-)
You float through the air rather than walking.
You learn spells naturally, not from books.
Your magical power is your life essence.
You have superior vitality. (+4 MHP)
You have a pair of small horns on your head.


Message History

The orc sorcerer hits your crimson imp with a +0 dagger.
Your crimson imp completely misses the orc sorcerer.
You feel a surge of power!
You conjure some foxfire!
Your crimson imp closely misses the orc sorcerer.
The foxfire hits the orc sorcerer.
The orc sorcerer is lightly wounded.
The foxfire hits the orc sorcerer but does no damage.
The orc sorcerer is lightly wounded.
You feel a surge of power!
You conjure some foxfire!
Your foxfire dissipates!
The foxfire hits the orc sorcerer.
The orc sorcerer is lightly wounded.
The neqoxec gestures at you.
You feel dopey. Something feeds on your intellect!
The orc sorcerer casts a spell at you. The bolt of fire misses you.
You hear a shout!
Your crimson imp blinks!
An orc sorcerer comes into view.
It is wielding a +0 dagger and wearing a +2 robe of willpower.
The orc sorcerer casts a spell at you. The bolt of negative energy hits you!!!
You feel drained.
Ouch! That really hurt!
* * * LOW HITPOINT WARNING * * *
As you read the scroll of teleportation, it crumbles to dust.
You feel strangely unstable.
The orc sorcerer points at you and mumbles some strange words.
The bolt of fire hits you. You resist.
* * * LOW HITPOINT WARNING * * *
Prince Ribbit comes into view.
As you read the scroll of teleportation, it crumbles to dust.
You feel strangely stable. The neqoxec gestures at you.
Strange energies course through your body.
A pair of horns grows on your head!
Your +2 helmet falls away!
The orc sorcerer gestures at you while chanting.
The bolt of negative energy hits you!!!
You feel drained.
Ouch! That really hurt!
You die...

...........≈..#########.....#####
...≈#.....#≈..........#.....#...'
...≈##...##≈..........#.....#...#
... ##.##≈≈.#..###.. #.....##..#
.. ≈≈≈≈≈≈..########## #..#
..................#......#...
...................#......#...
...#...............#......#<.. .
#.........@.5...#......#...
#........o......#....3.#...
########'###..o.#......#### #..
#..3.##.§3..... .'.
#.....#........ ..#.
#.....'........ ##F.
.....#...#........ .##
#############+####


You could see Prince Ribbit (wandering), a neqoxec (summoned), 2 orc sorcerers
and a friendly crimson imp (summoned).

Vanquished Creatures
  3 yaks (D:6)
  A sky beast (D:6)
  An ice beast (D:5)
  3 ogres
  A kobold brigand (D:6)
  A gnoll sergeant (D:7)
  A wyvern zombie (D:6)
  A scorpion (D:5)
  4 killer bees (D:7)
  A howler monkey (D:6)
  2 centaur zombies
  2 bullfrog zombies
  A gnoll shaman (D:4)
  2 bullfrog skeletons (D:5)
  2 hounds (D:4)
  2 jellies (D:6)
  5 orc priests
  A centaur skeleton (D:5)
  Terence (D:2)
  Natasha (thrice) (D:4)
  4 iguanas
  6 orc wizards
  2 killer bee zombies (D:5)
  Robin (D:4)
  4 adders
  9 gnolls
  2 shadow imps (D:6)
  3 white imps
  18 orcs
  8 endoplasms
  5 giant cockroaches
  12 goblins
  11 hobgoblins
  4 jackals (D:4)
  4 quokkas
  3 ball pythons
  4 bats
  4 frilled lizards
  13 kobolds
  9 rats
164 creatures vanquished.

Vanquished Creatures (collateral kills)
  A hound zombie (D:5)
  An orc (D:6)
  2 goblins (D:4)
  A ball python (D:4)
  A kobold (D:3)
  A foxfire (D:3)
7 creatures vanquished.

Vanquished Creatures (others)
  594 foxfires
594 creatures vanquished.

Grand Total: 765 creatures vanquished

Notes
Turn   | Place    | Note
-------+----------+-------------------------------------------
     0 | D:1      | Pinkishskies the Djinni Fire Elementalist began the quest
                  | for the Orb.
     0 | D:1      | Reached XP level 1. HP: 15/15 MP: 0/0
   250 | D:1      | Reached XP level 2. HP: 16/21 MP: 0/0
   734 | D:1      | Reached skill level 3 in Spellcasting
   985 | D:1      | Reached XP level 3. HP: 22/25 MP: 0/0
   985 | D:1      | Learned a level 1 spell: Apportation
  1523 | D:2      | Found a shimmering altar of Xom.
  1629 | D:2      | Noticed Terence
  1641 | D:2      | Killed Terence
  1642 | D:2      | Reached XP level 4. HP: 10/31 MP: 0/0
  1989 | D:2      | Found a faded altar of an unknown god.
  2531 | D:2      | Found a runed translucent door.
  2532 | D:2      | Noticed Crazy Yiuf
  3287 | D:3      | Reached skill level 4 in Spellcasting
  3287 | D:3      | Reached XP level 5. HP: 28/35 MP: 0/0
  3287 | D:3      | Learned a level 2 spell: Call Imp
  4014 | D:3      | Found a burning altar of Makhleb.
  4168 | D:4      | Reached XP level 6. HP: 31/40 MP: 0/0
  4542 | D:4      | Noticed Robin
  4545 | D:4      | Killed Robin
  4672 | D:4      | Noticed Natasha
  4677 | D:4      | Killed Natasha
  4809 | D:4      | Reached skill level 5 in Spellcasting
  5410 | D:4      | Noticed Natasha
  5413 | D:4      | Killed Natasha
  5414 | D:4      | Reached XP level 7. HP: 42/45 MP: 0/0
  5414 | D:4      | Learned a level 3 spell: Dazzling Flash
  5550 | D:4      | Noticed Natasha
  5560 | D:4      | Killed Natasha
  6079 | D:5      | Entered Level 5 of the Dungeon
  6175 | D:5      | Reached skill level 6 in Spellcasting
  6661 | D:5      | Reached XP level 8. HP: 43/50 MP: 0/0
  7328 | D:5      | Reached skill level 7 in Spellcasting
  8492 | D:6      | Found a staircase to the Ecumenical Temple.
  8718 | D:6      | Reached XP level 9. HP: 49/55 MP: 0/0
  8718 | D:6      | Learned a level 4 spell: Iskenderun's Mystic Blast
  8773 | D:6      | Reached skill level 8 in Spellcasting
  9915 | D:6      | Reached skill level 9 in Spellcasting
 10587 | Temple   | Entered the Ecumenical Temple
 11241 | D:3      | Became a worshipper of Makhleb the Destroyer
 11674 | D:7      | Reached skill level 1 in Armour
 12084 | D:7      | Noticed an orc sorcerer
 12090 | D:7      | Paralysed by an orc sorcerer for 3 turns
 12101 | D:7      | Noticed an orc sorcerer
 12102 | D:7      | HP: 1/51 [orc sorcerer/bolt of fire (4)]
 12102 | D:7      | Noticed Prince Ribbit
 12103 | D:7      | Gained mutation: You have a pair of small horns on your
                  | head. [a neqoxec]
 12103 | D:7      | Killed from afar by an orc sorcerer

Illustrated notes

Levels and vault maps discovered:
D:1:      dpeg_arrival_tiny_b, layout_rooms
D:2:      layout_basic, basic_altar, ebering_ecumenical_altar_ruins,
          uniq_crazy_yiuf_cottage, uniq_terence
D:3:      layout_loops_ring, lightli_temple_of_fire
D:4:      layout_cave_pods, hangedman_decor_points, uniq_natasha, uniq_robin
D:5:      layout_basic
D:6:      wander_river, layout_cave_pods, minmay_temple_entry_tees
D:7:      cheibrodos_wizards_tower, layout_gridville, uniq_prince_ribbit1
Temple:   eino_narrow_crystal_temple

Skill      XL: |  1  2  3  4  5  6  7  8  9 |
---------------+----------------------------+-----
Spellcasting   | 3 4 5 6 7 9 |  9.4
Stealth        | 2 3 4 |  4.0
Armour         | 1 |  1.2
Dodging        | |  2.8
Evocations     | |  0.2

Action                   |  1- 3 |  4- 6 |  7- 9 || total
-------------------------+-------+-------+-------++-------
 Cast: Foxfire           |    69 |   109 |   200 ||   378
       Scorch            |     9 |    30 |    34 ||    73
       Call Imp          |       |    14 |    22 ||    36
       Inner Flame       |       |     3 |     5 ||     8
       Iskenderun's Myst |       |       |     3 ||     3
Evoke: Wand              |       |       |     1 ||     1
  Use: Scroll            |       |       |     7 ||     7
Armor: Robe              |       |       |     9 ||     9
Dodge: Dodged            |     3 |     6 |    19 ||    28
